 Dungeon Crawl Stone Soup version 0.29.0-7-g18a832c13a (webtiles) character file.

Game seed: 17192235822109796142

3222 SensoryNuts the Cleaver (level 9, -6/80 HPs)
             Began as a Minotaur Fighter on Aug 30, 2022.
             Mangled by an orc knight
             ... wielding a +0 war axe
              (11 damage)
             ... in a bailey.
             The game lasted 00:06:54 (7191 turns).

SensoryNuts the Cleaver (Minotaur Fighter)          Turns: 7191, Time: 00:06:54

Health: -6/80      AC: 17    Str: 26    XL:     9   Next: 66%
Magic:  8/8        EV:  8    Int:  5    God:
Gold:   413        SH:  6    Dex:  9    Spells: 8/8 levels left

rFire   . . .      SeeInvis .   a - +0 war axe
rCold   . . .      Faith    .   c - +1 buckler
rNeg    . . .      Spirit   .   g - +0 plate armour
rPois   .          Reflect  .   (helmet restricted)
rElec   .          Harm     .   (no cloak)
rCorr   .          Rampage  .   (no gloves)
Will    .....                   d - +2 pair of boots {Fly}
Stlth   ..........              (no amulet)
HPRegen 0.23/turn               (no ring)
MPRegen 0.11/turn               (no ring)

@: flying
A: horns 2, retaliatory headbutt
a: no special abilities


You were in a bailey.
You visited 2 branches of the dungeon, and saw 8 of its levels.
You also visited: Bailey.

You collected 413 gold pieces.

Inventory:

Hand Weapons
 a - a +0 war axe (weapon)
Missiles
 p - a throwing net (quivered)
Armour
 c - a +1 buckler (worn)
 d - a +2 pair of boots of flying (worn)
 g - a +0 plate armour (worn)
Wands
 o - a wand of digging (7)
 r - a wand of flame (29)
Scrolls
 h - a scroll of teleportation
 m - a scroll of poison
 n - a scroll of enchant weapon {unknown}
 s - 2 scrolls of identify
 t - a scroll of immolation {unknown}
 u - a scroll of blinking {unknown}
 w - a scroll of brand weapon {unknown}
Potions
 b - a potion of mutation
 e - a potion of attraction
 i - a potion of curing
 l - a potion of degeneration {unknown}


   Skills:
 + Level 7.6 Fighting
 * Level 12.5 Axes
 + Level 8.1 Armour
 + Level 4.7 Dodging
 + Level 3.7 Stealth
 + Level 7.0 Shields


You had 8 spell levels left.
You didn't know any spells.
Your spell library contained the following spells:

 Spells                   Type           Power      Damage    Failure   Level
 Freeze                   Ice            0%         1d3       100%        1
 Magic Dart               Conj           0%         1d3       100%        1
 Ensorcelled Hibernation  Hex/Ice        0%         N/A       100%        2
 Searing Ray              Conj           0%         2d4       100%        2
 Frozen Ramparts          Ice            0%         1d1       100%        3
 Spider Form              Tmut/Pois      0%         N/A       100%        3
 Anguish                  Hex/Necr       0%         N/A       100%        4
 Animate Dead             Necr           0%         N/A       100%        4
 Fulminant Prism          Conj/Hex       0%         3d6       100%        4
 Hailstorm                Conj/Ice       0%         3d3       100%        4
 Borgnjor's Vile Clutch   Necr/Erth      0%         N/A       100%        5
 Death Channel            Necr           0%         N/A       100%        6


Dungeon Overview and Level Annotations

Branches:
Dungeon (7/15)             Temple (1/1) D:4          Bailey (1/1)

Altars:
Ashenzari
Cheibriados
Dithmenos
Elyvilon
Gozag
Kikubaaqudgha
Nemelex Xobeh
Okawaru
Qazlal
Ru
Sif Muna
Trog
Uskayaw
Vehumet
Wu Jian
Yredelemnul
Zin
The Shining One

Annotations:
Bailey 3 runed translucent doors


Innate Abilities, Weirdness & Mutations

You have a pair of horns on your head.
You reflexively headbutt those who attack you in melee.


Message History

The orc knight is heavily wounded.
The orc knight hits you with a +0 war axe!!
You hit the orc knight but do no damage.
The orc knight is heavily wounded.
The orc knight hits you with a +0 war axe!
You hit the orc knight but do no damage.
The orc knight is heavily wounded.
You closely miss the orc knight. Your headbutt misses the orc knight.
The orc knight is heavily wounded.
The orc knight hits you with a +0 war axe!
* * * LOW HITPOINT WARNING * * *
It was a potion of magic.
Magic courses through your body.
The orc knight hits you with a +0 war axe.
* * * LOW HITPOINT WARNING * * *
Okay, then.
As you read the scroll of butterflies, it crumbles to dust.
You hear the tinkle of a tiny bell.
You swap places.
The orc knight closely misses your butterfly.
The orc knight hits your butterfly with a +0 war axe!
Your butterfly dies!
Your butterfly disappears in a burst of colours!
The orc knight hits your butterfly with a +0 war axe!
Your butterfly dies!
Your butterfly disappears in a burst of colours!
You swap places.
It was a potion of invisibility.
You fade into invisibility!
It was a potion of cancellation.
Your magical effects are unravelling.
You feel magically purged.
You feel yourself slow down.
You flicker back into view.
You feel better.
The orc knight hits you with a +0 war axe!
* * * LOW HITPOINT WARNING * * *
The orc knight closely misses your butterfly. x2
You hit the orc knight. You headbutt the orc knight!
The orc knight is heavily wounded.
The orc knight hits you with a +0 war axe!
You die...

(#########).....8...#
##~~~ ####......##
#~=.. ~#~~#.....##
#~!.. ...~#....##
##8.8 8.8~##...#
.#o.. ...~~+...#
.#o... ...~~+...#
.#.... ...~o+...#
##8.8. 8.8~##.b@#
#~!... ...~#..bo##
#~:.. ~#~~#..))b# #
~~~ ####...)..# .# #
#...bbb8...# ...
+......b..$# ...#
#....b....?# ...#
#...8..8.?## ..##
##.......##


You could see an orc warlord and an orc knight (ally target).

Vanquished Creatures
  Joseph (D:7)
  Prince Ribbit (D:6)
  Menkaure (D:6)
  Edmund (D:6)
  2 water moccasins
  2 ice beasts
  5 orc warriors
  A black bear (D:6)
  An ogre (D:5)
  A centaur (D:6)
  2 phantoms (D:5)
  A kobold brigand (D:7)
  A bullfrog (D:7)
  3 scorpions
  A jelly (D:6)
  4 orc priests (D:6)
  6 hounds
  2 gnoll boudas
  2 iguanas (D:5)
  4 orc wizards
  8 gnolls
  5 adders
  2 shadow imps
  A white imp (D:7)
  3 ufetubi
  2 worms (D:2)
  5 dart slugs
  17 orcs
  5 bats
  8 endoplasms
  5 giant cockroaches
  15 goblins
  10 hobgoblins
  8 jackals
  17 kobolds
  4 quokkas
  8 ball pythons
  13 frilled lizards
  6 rats
184 creatures vanquished.

Vanquished Creatures (others)
  16 plants
16 creatures vanquished.

Grand Total: 200 creatures vanquished

Notes
Turn   | Place    | Note
-------+----------+-------------------------------------------
     0 | D:1      | SensoryNuts the Minotaur Fighter began the quest for the
                  | Orb.
     0 | D:1      | Reached XP level 1. HP: 19/19 MP: 0/0
    81 | D:1      | Reached XP level 2. HP: 20/27 MP: 1/1
   391 | D:1      | Reached skill level 3 in Axes
   471 | D:1      | Reached XP level 3. HP: 33/33 MP: 2/2
   835 | D:2      | Found an iron altar of Okawaru.
  1049 | D:2      | Found a faded altar of an unknown god.
  1142 | D:2      | Reached XP level 4. HP: 33/40 MP: 3/3
  1143 | D:2      | Reached skill level 4 in Axes
  1452 | D:2      | Reached skill level 8 in Axes
  1452 | D:2      | Reached XP level 5. HP: 51/51 MP: 4/4
  2166 | D:3      | Identified the +5 ring mail of Wrong Decisions {Slay+2}
  2500 | D:4      | Noticed a water moccasin
  2510 | D:4      | Killed a water moccasin
  2511 | D:4      | Reached XP level 6. HP: 35/58 MP: 5/5
  2698 | D:4      | Found a staircase to the Ecumenical Temple.
  2705 | Temple   | Entered the Ecumenical Temple
  3113 | D:4      | Found an ornate altar of the Wu Jian Council.
  3614 | D:4      | Identified a scroll of acquirement
  3614 | D:4      | Acquired a +2 pair of boots of flying
  3622 | D:5      | Entered Level 5 of the Dungeon
  3676 | D:5      | Found a white marble altar of Elyvilon.
  3788 | D:5      | Noticed an ice beast
  3793 | D:5      | Killed an ice beast
  3794 | D:5      | Reached skill level 9 in Axes
  3796 | D:5      | Reached XP level 7. HP: 64/64 MP: 6/6
  5008 | D:6      | Reached skill level 10 in Axes
  5008 | D:6      | Reached XP level 8. HP: 71/71 MP: 7/7
  5251 | D:6      | Noticed Menkaure
  5258 | D:6      | Killed Menkaure
  5453 | D:6      | Reached skill level 11 in Axes
  5627 | D:6      | Noticed Edmund
  5638 | D:6      | Killed Edmund
  6012 | D:6      | Noticed Prince Ribbit
  6031 | D:6      | Reached XP level 9. HP: 40/79 MP: 8/8
  6033 | D:6      | Killed Prince Ribbit
  6746 | D:7      | Noticed Joseph
  6751 | D:7      | Found a flagged portal.
  6762 | D:7      | Killed Joseph
  6763 | D:7      | Reached skill level 12 in Axes
  6774 | Bailey   | Entered a bailey
  6800 | Bailey   | Noticed an orc warlord
  7155 | Bailey   | Found a runed translucent gate.
  7158 | Bailey   | Found a runed translucent gate.
  7160 | Bailey   | Found a runed translucent gate.
  7167 | Bailey   | Noticed an orc knight
  7191 | Bailey   | Mangled by an orc knight

Illustrated notes

Levels and vault maps discovered:
D:1:      dpeg_arrival_shrine, layout_loops_ring, chequers_serial_rivers_micro_b
D:2:      layout_rooms, basic_altar, shapermc_ecumenical_altar_acropolis,
          minmay_misc_feat_tower
D:3:      layout_basic, serial_glass, glass_columns_a, glass_columns_b,
          minmay_lizard_king
D:4:      layout_gridville, nicolae_wu_jian_immortal_techniques,
          minmay_temple_entry_gardened_gates
D:5:      kennysheep_spiral_hall, layout_basic, nicolae_elyvilon_temple_path,
          serial_rivers, chequers_serial_rivers_marsh,
          chequers_serial_rivers_small_b, chequers_serial_rivers_micro_d,
          chequers_serial_rivers_large_b, chequers_serial_rivers_micro_d
D:6:      layout_gridville, uniq_menkaure, uniq_prince_ribbit1, uniq_edmund
D:7:      layout_basic, enter_bailey_5, uniq_joseph
Temple:   regret_index_temple_sphere_string
Bailey:   bailey_axe_bossmonster_kennysheep, bailey

Skill      XL: |  1  2  3  4  5  6  7  8  9 |
---------------+----------------------------+-----
Armour         | 4 6 7 8 |  8.1
Axes           | 3 8 9 10 11 12 | 12.5
Shields        | 4 6 7 |  7.0
Fighting       | 4 6 7 |  7.6
Dodging        | 4 |  4.7
Stealth        | 3 |  3.7

Action                   |  1- 3 |  4- 6 |  7- 9 || total
-------------------------+-------+-------+-------++-------
Melee: War axe           |    77 |    99 |   263 ||   439
       Headbutt          |    13 |    14 |    48 ||    75
  Use: Scroll            |       |     8 |     7 ||    15
       Potion            |       |     3 |    10 ||    13
Armor: Scale mail        |    44 |    36 |    12 ||    92
       Plate armour      |       |       |   130 ||   130
Dodge: Dodged            |    38 |    47 |    99 ||   184
Block: Buckler           |    21 |    21 |    64 ||   106
